 Dungeon Crawl Stone Soup version 0.30-a0-847-g17996783a1 (webtiles) character file.

Game seed: 13142111143320010080

11587 Pooter the Fighter (level 11, -9/150 HPs)
             Began as a Minotaur Berserker on Mar 3, 2023.
             Was a Priest of Trog.
             Mangled by a boulder beetle (18 damage)
             ... on level 2 of the Lair of Beasts.
             The game lasted 01:03:20 (11122 turns).

Pooter the Fighter (Minotaur Berserker)            Turns: 11122, Time: 01:03:20

Health: -9/150     AC: 10    Str: 30    XL:     11   Next: 51%
Magic:  10/10      EV:  9    Int:  4    God:    Trog [***...]
Gold:   599        SH:  0    Dex: 12    Spells: 10/10 levels left

rFire   . . .      SeeInvis .    a - +5 battleaxe
rCold   . . .      Faith    .    (shield currently unavailable)
rNeg    . . .      Spirit   .    s - +1 chain mail
rPois   +          Reflect  .    (helmet restricted)
rElec   .          Rampage  .    n - scarf {harm}
rCorr   .          Harm     + .  (no gloves)
Will    .....                    A - +0 pair of boots Stlth
                                 (no amulet)
HPRegen 0.45/turn                v - +6 ring of strength
MPRegen 0.12/turn                J - ring of poison resistance

@: berserking, slowed
A: horns 2, retaliatory headbutt
a: Renounce Religion, Berserk, Trog's Hand


You were on level 2 of the Lair of Beasts.
You worshipped Trog.
Trog was most pleased with you.
You visited 2 branches of the dungeon, and saw 12 of its levels.

You collected 599 gold pieces.

Inventory:

Hand Weapons
 a - a +5 battleaxe (weapon)
   (You took it off a wight on level 8 of the Dungeon)
 b - a +3 arbalest
   (You took it off a centaur on level 10 of the Dungeon)
 u - the +3 hammer of True Grit {holy, *Slow rPois rF+ Will+}
   (You found it on level 3 of the Dungeon)

   rF:        It protects you from fire.
   rPois:     It protects you from poison.
   *Slow:     It may slow you when you take damage.
   Will:      It increases your willpower.
 z - a +3 heavy flail
   (You took it off a gnoll on level 6 of the Dungeon)
 H - a +0 heavy trident
   (You found it on level 7 of the Dungeon)
Missiles
 c - 8 boomerangs
 B - a curare-tipped dart
 C - 31 poisoned darts (quivered)
 L - 5 javelins
 Q - 176 stones
Armour
 n - a scarf of harm (worn)
   (You found it on level 2 of the Dungeon)
 s - a +1 chain mail (worn)
   (You took it off an orc on level 3 of the Dungeon)
 A - a +0 pair of boots (worn)
   (You found it on level 5 of the Dungeon)
Jewellery
 v - a +6 ring of strength (left hand)
   (You found it on level 4 of the Dungeon)
 w - a +4 ring of protection
   (You found it on level 4 of the Dungeon)
 y - a ring of flight
   (You found it on level 9 of the Dungeon)
 I - a ring of protection from cold
   (You found it on level 1 of the Lair of Beasts)
 J - a ring of poison resistance (right hand)
   (You took it off a wight on level 8 of the Dungeon)
Wands
 f - a wand of flame (11)
   (You found it on level 1 of the Lair of Beasts)
 k - a wand of mindburst (10)
   (You found it on level 1 of the Lair of Beasts)
 q - a wand of roots (11)
   (You took it off Ijyb on level 3 of the Dungeon)
 x - a wand of acid (10)
   (You found it on level 10 of the Dungeon)
 F - a wand of polymorph (12)
   (You found it on level 8 of the Dungeon)
Scrolls
 d - 3 scrolls of vulnerability {!r}
 j - a scroll of blinking
 l - 3 scrolls of fear
 m - 2 scrolls of noise {!r}
 r - 3 scrolls of magic mapping
 t - 4 scrolls of teleportation {@r4}
 G - a scroll of immolation {!r}
 M - a scroll of amnesia {unknown}
Potions
 e - 2 potions of heal wounds {@q2}
 g - 2 potions of lignification {!q}
 h - 3 potions of attraction {!q}
 i - a potion of invisibility {unknown}
 o - 4 potions of curing {@q1}
 p - 3 potions of cancellation
 D - a potion of haste {unknown}
 E - 2 potions of flight {unknown}
 K - a potion of mutation {!q}


   Skills:
 + Level 10.2 Fighting
 * Level 9.2(10.6) Axes
 - Level 8.4(10.3) Maces & Flails
 * Level 9.2 Ranged Weapons
 - Level 2.4 Armour
 - Level 2.1 Dodging
 - Level 8.4 Stealth
 + Level 4.1 Evocations


You had 10 spell levels left.
You didn't know any spells.
Your spell library was empty.

Dungeon Overview and Level Annotations

Branches:
Dungeon (10/15)            Temple (0/1) D:5            Lair (2/5) D:8
  Swamp: Lair:2-3    Shoals: Lair:2-3     Snake: Lair:2-3    Spider: Lair:2-3
    Orc: D:9-12

Altars:
Ashenzari
Elyvilon
Fedhas
Hepliaklqana
Kikubaaqudgha
Nemelex Xobeh
Vehumet
Wu Jian
The Shining One


Innate Abilities, Weirdness & Mutations

You have a pair of horns on your head.
You reflexively headbutt those who attack you in melee.


Message History

You kill the bullfrog!
Trog accepts your kill.
N - a scroll of enchant weapon
As you read the scroll of enchant weapon, it crumbles to dust.
Your +2 arbalest glows red for a moment.
You see here a bullfrog corpse.
You now have 599 gold pieces (gained 18).
b - a +3 arbalest (weapon)
Q - 176 stones (gained 5)
You open the door.
A spriggan, a torpor snail and a boulder beetle come into view.
The spriggan shouts!
The boulder beetle leaps!
Found a wand of flame (14), 6 poisoned darts and 7 stones.
a - a +5 battleaxe (weapon)
Being near the torpor snail leaves you feeling lethargic.
You closely miss the spriggan.
The boulder beetle leaps!
The spriggan closely misses you. The spriggan barely misses you.
You furiously retaliate!
You headbutt the spriggan! You miss the spriggan.
The spriggan hits you with a +0 dagger!
The spriggan hits you but does no damage.
You completely miss the spriggan. The spriggan hits you with a +0 dagger!
The boulder beetle curls into a ball and begins rolling!
A red film seems to cover your vision as you go berserk!
You feel yourself moving faster!
You feel mighty! The spriggan hits you with a +0 dagger!
The spriggan hits you but does no damage.
You barely miss the spriggan. Your headbutt misses the spriggan.
The spriggan hits you with a +0 dagger.
You closely miss the spriggan.
You hit the boulder beetle but do no damage.
The boulder beetle hits you!!!
* * * LOW HITPOINT WARNING * * *
The boulder beetle stops rolling and uncurls.
The spriggan hits you with a +0 dagger.
* * * LOW HITPOINT WARNING * * *
You hear an angry hiss.
You slash the boulder beetle! The spriggan blocks your attack.
The boulder beetle bites you!
* * * LOW HITPOINT WARNING * * *
The spriggan hits you with a +0 dagger.
* * * LOW HITPOINT WARNING * * *
The boulder beetle bites you!
* * * LOW HITPOINT WARNING * * *
You slice the boulder beetle!!
You headbutt the boulder beetle, but do no damage.
You miss the spriggan.
The spriggan hits you but does no damage.
The boulder beetle bites you!
You die...

.^......♣.......
........P..P....
....#.....P.P.#####
....##.......P#(.(#
........PP.P..#./.# .
.............P#.w. ...
........P.....##i##.....
.........P...)..@.......
........♣.......B.......
........P..........P...♣
.........♣...........P.♣
..........P.............
........<..♣♣......♣.♣P.
..>.....................
......##.##............
..........#.....#..###


You could see a boulder beetle, a torpor snail and a spriggan.

Vanquished Creatures
  An ugly thing (D:9)
  Joseph (D:7)
  A black mamba (Lair:1)
  3 cane toads (Lair:1)
  A rime drake (Lair:1)
  A troll (D:9)
  A hornet (D:7)
  Grinder (D:5)
  Prince Ribbit (D:6)
  5 blink frogs (Lair:1)
  Sigmund (D:3)
  A slime creature (D:9)
  A shadow (D:10)
  2 wyverns
  9 yaks
  2 basilisks (Lair:1)
  2 wraiths (D:10)
  Eustachio (D:6)
  2 wargs (D:8)
  An acid dragon (D:10)
  4 water moccasins
  2 black bears
  2 ice beasts
  4 orc warriors
  A hornet zombie (D:5)
  5 centaurs
  2 kobold brigands (D:8)
  7 bullfrogs
  A wyvern zombie (D:5)
  7 wights (D:8)
  4 killer bees (D:10)
  2 howler monkeys (D:8)
  7 bullfrog zombies (D:5)
  A centaur zombie (D:5)
  6 hounds
  2 jellies (D:5)
  A centaur skeleton (D:5)
  3 orc priests
  4 gnoll boudas
  3 bullfrog skeletons (D:5)
  2 sleepcaps
  2 scorpion zombies (D:5)
  Crazy Yiuf (D:3)
  Ijyb (D:3)
  Natasha (thrice) (D:3)
  9 orc wizards
  2 howler monkey zombies (D:5)
  16 gnolls
  9 adders
  2 ufetubi (D:5)
  2 worms
  3 dart slugs
  21 orcs
  8 ball pythons
  6 bats
  5 endoplasms
  5 giant cockroaches
  10 goblins
  11 hobgoblins
  3 jackals (D:1)
  5 quokkas
  4 frilled lizards
  24 kobolds
  8 rats
  A spectral hobgoblin (D:9)
  2 bushes (D:2)
271 creatures vanquished.

Vanquished Creatures (others)
  6 fungi
  30 plants
  3 withered plants (D:5)
39 creatures vanquished.

Grand Total: 310 creatures vanquished

Notes
Turn   | Place    | Note
-------+----------+-------------------------------------------
     0 | D:1      | Pooter the Minotaur Berserker began the quest for the Orb.
     0 | D:1      | Reached XP level 1. HP: 19/19 MP: 0/0
    92 | D:1      | Reached skill level 1 in Stealth
    92 | D:1      | Reached XP level 2. HP: 27/27 MP: 1/1
   404 | D:1      | Reached skill level 4 in Fighting
   435 | D:1      | Reached XP level 3. HP: 33/33 MP: 2/2
   445 | D:1      | Reached ** piety under Trog
  1015 | D:2      | Reached XP level 4. HP: 40/40 MP: 3/3
  1496 | D:2      | Reached skill level 1 in Ranged Weapons
  2262 | D:3      | Noticed Sigmund
  2284 | D:3      | Noticed Natasha
  2287 | D:3      | Killed Natasha
  2288 | D:3      | Reached XP level 5. HP: 26/47 MP: 4/4
  2308 | D:3      | Noticed Natasha
  2368 | D:3      | Killed Natasha
  2503 | D:3      | Reached *** piety under Trog
  2562 | D:3      | Noticed Natasha
  2575 | D:3      | Killed Natasha
  2615 | D:3      | Found an ornate altar of the Wu Jian Council.
  2633 | D:3      | Noticed Ijyb
  2636 | D:3      | Killed Ijyb
  2693 | D:3      | Reached XP level 6. HP: 55/55 MP: 5/5
  2822 | D:3      | Found a white marble altar of Elyvilon.
  2896 | D:3      | Killed Sigmund
  2897 | D:3      | Reached skill level 5 in Fighting
  2897 | D:3      | Reached skill level 5 in Axes
  3007 | D:3      | Found a runed translucent door.
  3008 | D:3      | Noticed Crazy Yiuf
  3010 | D:3      | Identified the +3 hammer of True Grit {holy, *Slow rPois
                  | rF+ Will+}
  3017 | D:3      | Killed Crazy Yiuf
  3286 | D:4      | Reached XP level 7. HP: 52/61 MP: 6/6
  3965 | D:5      | Entered Level 5 of the Dungeon
  4158 | D:5      | Reached skill level 5 in Stealth
  4240 | D:5      | Found a staircase to the Ecumenical Temple.
  4290 | D:5      | Noticed Grinder
  4298 | D:5      | Killed Grinder
  4299 | D:5      | Reached skill level 6 in Fighting
  4299 | D:5      | Reached XP level 8. HP: 70/70 MP: 7/7
  4534 | D:5      | Found an ancient bone altar of Kikubaaqudgha.
  4534 | D:5      | Found a sparkling altar of Nemelex Xobeh.
  4534 | D:5      | Found a blossoming altar of Fedhas.
  4534 | D:5      | Found a radiant altar of Vehumet.
  4790 | D:6      | Noticed Prince Ribbit
  4801 | D:6      | Killed Prince Ribbit
  4802 | D:6      | Reached skill level 7 in Fighting
  4802 | D:6      | Reached skill level 5 in Ranged Weapons
  5029 | D:6      | Reached XP level 9. HP: 66/79 MP: 8/8
  5333 | D:6      | Reached skill level 1 in Maces & Flails
  5418 | D:6      | Noticed Eustachio
  5423 | D:6      | Killed Eustachio
  5755 | D:7      | Found a glowing golden altar of the Shining One.
  5900 | D:7      | Noticed Joseph
  5917 | D:7      | Killed Joseph
  6182 | D:7      | Reached skill level 8 in Fighting
  6910 | D:8      | Reached skill level 5 in Maces & Flails
  6937 | D:8      | Reached XP level 10. HP: 90/90 MP: 9/9
  6997 | D:8      | Found a staircase to the Lair.
  7053 | D:8      | Found a broken altar of Ashenzari.
  7926 | D:9      | Noticed a brown ugly thing
  7931 | D:9      | Reached skill level 1 in Evocations
  7933 | D:9      | Killed a brown ugly thing
  8064 | D:9      | Reached skill level 9 in Fighting
  8432 | D:9      | Found a hazy altar of Hepliaklqana.
  8631 | D:10     | Entered Level 10 of the Dungeon
  8864 | D:10     | Reached **** piety under Trog
  9739 | Lair:1   | Entered Level 1 of the Lair of Beasts
  9747 | Lair:1   | Reached XP level 11. HP: 97/97 MP: 10/10
 10103 | Lair:1   | Reached skill level 10 in Fighting
 10183 | Lair:1   | You fall into a shaft and drop 1 floor!
 10189 | Lair:2   | Identified the +6 sling of Reinforcement {speed, Will+}
 10647 | Lair:1   | Identified the +2 robe of Vexation {Harm Fly rF+++ Dex-5}
 11113 | Lair:2   | Noticed a boulder beetle
 11122 | Lair:2   | Mangled by a boulder beetle

Illustrated notes

Levels and vault maps discovered:
D:1:      minmay_arrival_jagged, layout_basic
D:2:      layout_loops_corners, lexackson_kobold_supper
D:3:      layout_rooms, mainiacjoe_overflow_small_starburst,
          mainiacjoe_overflow_chevrons, uniq_crazy_yiuf_cottage, uniq_ijyb,
          uniq_natasha, uniq_sigmund
D:4:      layout_basic
D:5:      layout_rooms, chequers_temple_overflow_statue_of_worship,
          minmay_temple_entry_ruins, serial_undead, serial_undead_c,
          serial_undead_a, serial_undead_f, serial_undead_b, serial_undead_e,
          serial_undead_b, serial_undead_b, uniq_grinder
D:6:      layout_cave_pods, uniq_prince_ribbit1, uniq_eustachio
D:7:      layout_basic, kennysheep_little_box, uniq_joseph
D:8:      layout_basic, nicolae_ashenzari_panopticon, erik_lair_orcish_takeover
D:9:      minmay_diamond_stairs, layout_loops_ring,
          nicolae_hepliaklqana_monster_ancestors
D:10:     layout_loops_ring
Lair:1:   layout_misc_corridors, chequers_serial_rivers_large_b,
          hibernation_bobbens, infiniplex_staircase_pool_2, lemuel_fruit_tree
Lair:2:   layout_cave_shapes, minmay_shoals_entry_beasts, serial_bayou_pond_a,
          grunt_forest_large_clearing_hut, grunt_megastairs_4, uniq_amaemon

Skill      XL: |  1  2  3  4  5  6  7  8  9 10 11 |
---------------+----------------------------------+-----
Stealth        | 1 2 3 4 5 6 8 |  8.4
Axes           | 4 5 6 7 9 |  9.2
Fighting       | 4 5 6 7 8 9 10 | 10.2
Ranged Weapons | 1 2 4 5 6 7 9 |  9.2
Maces & Flails | 5 8 |  8.4
Evocations     | 3 4 |  4.1
Armour         | |  2.4
Dodging        | |  2.1

Action                     |  1- 3 |  4- 6 |  7- 9 | 10-12 || total
---------------------------+-------+-------+-------+-------++-------
  Melee: Hand axe          |    99 |   194 |    17 |       ||   310
         Punch             |     1 |     4 |       |     2 ||     7
         Headbutt          |    10 |    51 |    35 |    26 ||   122
         Mace              |       |    19 |    94 |       ||   113
         Flail             |       |       |    70 |    31 ||   101
         Trident           |       |       |     8 |    18 ||    26
         Battleaxe         |       |       |       |   138 ||   138
   Fire: Sling             |    14 |    15 |    25 |       ||    54
         Shortbow          |       |       |    14 |    30 ||    44
         Arbalest          |       |       |       |    33 ||    33
  Throw: Boomerang         |       |     1 |    11 |       ||    12
         Dart              |       |       |       |    14 ||    14
 Invoke: Berserk           |     2 |     7 |     9 |     9 ||    27
         Trog's Hand       |       |     5 |     5 |     5 ||    15
  Evoke: Wand              |       |     1 |     5 |     2 ||     8
    Use: Scroll            |     2 |     1 |     7 |    13 ||    23
         Potion            |       |       |     4 |     4 ||     8
 Armour: Animal skin       |     9 |       |       |       ||     9
         Scale mail        |    33 |    31 |       |       ||    64
         Chain mail        |       |    15 |   231 |   125 ||   371
         Skin              |       |       |    26 |    64 ||    90
  Dodge: Dodged            |    53 |    53 |   122 |    97 ||   325

Table legend: (Time is in decaauts)
 A = Elapsed time spent in this place.
 B = Non-inter-level travel time spent in this place.
 C = Inter-level travel time spent in this place.
 D = Time resting spent in this place.
 E = Time spent auto-exploring this place.
 F = Levels seen in this place.
 G = Mean time per level.
                   A        B        C        D        E       F      G
               +--------+--------+--------+--------+--------+-----+--------+
         Total |  11609 |  11207 |    402 |   1518 |   7321 |  12 |  967.4 |
       Dungeon |  10171 |   9844 |    327 |   1514 |   6245 |  10 | 1017.1 |
          Lair |   1437 |   1362 |     75 |      4 |   1076 |   2 |  718.5 |
               +--------+--------+--------+--------+--------+-----+--------+

Top non-repeatable levels by time:
     D:2: 1526 daAuts
  Lair:1: 1260 daAuts
     D:8: 1202 daAuts
     D:7: 1165 daAuts
     D:6: 1043 daAuts
    D:10: 941 daAuts
     D:3: 931 daAuts
     D:9: 926 daAuts
     D:4: 824 daAuts
     D:1: 808 daAuts
     D:5: 801 daAuts
  Lair:2: 177 daAuts
